 Dungeon Crawl Stone Soup version 0.22.1-1-ga44c0e5 (webtiles) character file.

41 Anon1729 the Chopper (level 3, -1/33 HPs)
             Began as a Naga Gladiator on Sept 29, 2018.
             Was a Follower of Uskayaw.
             Slain by a gnoll
             ... wielding a +0 halberd
              (9 damage)
             ... on level 3 of the Dungeon.
             The game lasted 00:01:59 (2046 turns).

Anon1729 the Chopper (Naga Gladiator)               Turns: 2046, Time: 00:02:00

Health: -1/33      AC:  3    Str: 16    XL:     3   Next: 52%
Magic:  3/3        EV: 10    Int:  9    God:    Uskayaw [*.....]
Gold:   143        SH:  0    Dex: 12    Spells: 2/2 levels left

rFire    . . .     SeeInvis +   a - +0 war axe
rCold    . . .     Gourm    .   (no shield)
rNeg     . . .     Faith    .   b - +0 leather armour
rPois    +         Spirit   .   c - +0 helmet
rElec    .         Reflect  .   (no cloak)
rCorr    .         Harm     .   (no gloves)
MR       .....                  (no barding)
Stlth    +.........             (no amulet)
HPRegen  0.11/turn              (no ring)
MPRegen  0.08/turn              (no ring)

@: very slow
A: large, see invisible, deformed body, poison resistance, slowness 2, slow
metabolism 1, spit poison 1, AC +1
a: Spit Poison, Stomp, Renounce Religion


You were on level 3 of the Dungeon.
You worshipped Uskayaw.
Uskayaw was noncommittal.
You were not hungry.

You visited 1 branch of the dungeon, and saw 3 of its levels.

You collected 143 gold pieces.

Inventory:

Hand Weapons
 a - a +0 war axe (weapon)
Missiles
 d - 3 throwing nets (quivered)
 r - 3 tomahawks
Armour
 b - a +0 leather armour (worn)
 c - a +0 helmet (worn)
Scrolls
 e - a scroll of immolation {unknown}
 g - 4 scrolls of identify {unknown}
 h - a scroll of amnesia {unknown}
 i - a scroll of enchant armour {unknown}
 j - a scroll of fear {unknown}
 l - 2 scrolls of remove curse {unknown}
 n - 2 scrolls of teleportation {unknown}
 o - a scroll of magic mapping {unknown}
Potions
 k - a potion of berserk rage {unknown}
 m - a potion of haste {unknown}
 p - a potion of heal wounds {unknown}
Comestibles
 f - 3 rations
 q - 9 chunks of flesh


   Skills:
 + Level 2.3 Fighting
 * Level 3.6 Axes
 - Level 2.0 Throwing
 + Level 0.7 Armour
 + Level 2.6 Dodging


You had 2 spell levels left.
You didn't know any spells.
Your spell library was empty.

Dungeon Overview and Level Annotations

Branches:
Dungeon (3/15)

Altars:
Ashenzari
Uskayaw
Zin

Shops:
D:2 *


Innate Abilities, Weirdness & Mutations

You cannot wear boots.
Your serpentine skin is tough. (AC +1)
You have supernaturally acute eyesight. (SInv)
Armour fits poorly on your strangely shaped body.
Your system is resistant to poisons. (rPois)
You cover ground very slowly.
You have a slow metabolism.
You can spit poison.


Message History

Unknown command.
You slash the worm!
You kill the worm!
Found 15 gold pieces.
You see here a worm corpse.
You butcher the worm corpse.
q - 9 chunks of flesh (gained 1)
You start resting.
Magic restored.
You start resting.
A gnoll comes into view. It is wielding a halberd.
You start resting.
The gnoll is too close now for your liking.
The gnoll shouts!
You hear a shout! x2
The gnoll hits you from afar with a halberd!
* * * LOW HITPOINT WARNING * * *
You hear a shout!
The gnoll throws a stone.
The stone misses you.
The gnoll hits you from afar with a halberd!
You die...

#.......# #........
#....###. #....###.
####....###. ###
#####........#..
#..###..##.###.#..#..
#..#.g#.#.# #.#.._..
#$@#..#g.# #.#..#..
#..#..#..### #....#..
#...#(..## #...###.
######### #.#.###.
#.#.###. #.#..... #.#
##.# #.# #.# #.# #.#


You could see a gnoll.

Vanquished Creatures
  An adder (D:2)
  A worm (D:3)
  A dart slug (D:1)
  4 orcs (D:3)
  2 bats
  2 giant cockroaches
  A hobgoblin (D:2)
  A quokka (D:2)
  A frilled lizard (D:1)
  2 goblins (D:1)
  5 kobolds
  2 rats
23 creatures vanquished.

Notes
Turn   | Place    | Note
-------+----------+-------------------------------------------
     0 | D:1      | Anon1729 the Naga Gladiator began the quest for the Orb.
     0 | D:1      | Reached XP level 1. HP: 19/19 MP: 1/1
   168 | D:1      | Reached XP level 2. HP: 23/26 MP: 2/2
  1148 | D:2      | Reached XP level 3. HP: 17/32 MP: 3/3
  1356 | D:2      | Found Zin's Purification Station.
  1361 | D:2      | Found a glowing silver altar of Zin.
  1476 | D:2      | Found a hide-covered altar of Uskayaw.
  1480 | D:2      | Became a worshipper of Uskayaw the Reveler
  1924 | D:3      | Reached * piety under Uskayaw
  1926 | D:3      | Reached ** piety under Uskayaw
  1978 | D:3      | Found a shattered altar of Ashenzari.
  2046 | D:3      | Slain by a gnoll

Skill      XL: |  1  2 |
---------------+-------+-----
Throwing       | 2 |  2.0
Fighting       | |  2.3
Axes           | |  3.6
Armour         | |  0.7
Dodging        | |  2.6

Action                   || total
-------------------------++-------
Melee: War axe           ||    77
Invok: Stomp             ||     1
 Stab: Sleeping          ||     1
  Eat: Chunk             ||     3
Armor: Leather armour    ||    37
Dodge: Dodged            ||    35
